Workbook

Sheet Operating Budget
C1: Adopted 2016-17 | D1: Adopted 2107-18 | E1: Adopted 2018-19 | F1: Adopted 2019-20 | G1: Adopted 2020-2021 | H1: Adopted 2021-2022 | I1: ADOPTED 2022-23 | J1: ADOPTED 2023-24 | K1: Actual YTD 12/31/2023 | L1: Projected 3/31/2024 | M1: APPROVED 2024-25 | N1: % | O1: Notes
B2: Income
A3: 411 | B3: Operating Assessments | C3: 674704 | D3: 699515 | E3: 695426 | F3: 676150 | G3: =+G62 -> 712900 | H3: 770370 | I3: =+I62 -> 838600 | J3: =+J62 -> 886460 | K3: 664968 | L3: =+I3 -> 838600 | M3: =+M62 -> 1244860.3 | N3: =+M3/J3-1 -> 0.40430514
A4: 412 | B4: Reserve Assessments | C4: 229472 | D4: 235587 | E4: 244506 | F4: 245000 | G4: =+G64 -> 273600 | H4: 309000 | I4: 317478 | J4: =+J64 -> 327002 | K4: 245252 | L4: 327002 | M4: =+M64 -> 640521 | N4: =+M4/J4-1 -> 0.95876784
A5: 415-1 | B5: Hurricane Insurance Claim | K5: 907099 | L5: =+K5 -> 907099
A6: 415-2 | B6: Special Assessment | K6: 80342 | L6: =+K6 -> 80342
A7: 417 | B7: Late Fees | C7: 0 | D7: 0 | E7: 0 | F7: 0 | G7: 0 | H7: 0 | I7: 0 | J7: 0 | K7: 1365 | L7: =+K7/9*12 -> 1820 | M7: 0
A8: 418 | B8: Legal Fees charged to owners | K8: 735 | L8: =+K8/9*12 -> 980
A9: 471 | B9: Application Fees | C9: 0 | D9: 0 | E9: 0 | F9: 0 | G9: 0 | H9: 0 | I9: 0 | J9: 0 | K9: 2550 | L9: =+K9/9*12 -> 3400 | M9: 0
A10: 491 | B10: Operating Interest and other | C10: 0 | D10: 0 | E10: 0 | F10: 0 | G10: 0 | H10: 0 | I10: 0 | J10: 0 | K10: 1707 | L10: =+K10/9*12 -> 2276 | M10: 0
B11: Total Operating Income | C11: =SUM(C3:C10) -> 904176 | D11: =SUM(D3:D10) -> 935102 | E11: =SUBTOTAL(9,E3:E10) -> 939932 | F11: =SUBTOTAL(9,F3:F10) -> 921150 | G11: =SUBTOTAL(9,G3:G10) -> 986500 | H11: 1079370 | I11: =SUBTOTAL(9,I3:I10) -> 1156078 | J11: =SUBTOTAL(9,J3:J10) -> 1213462 | K11: =SUBTOTAL(9,K3:K10) -> 1904018 | L11: =SUBTOTAL(9,L3:L10) -> 2161519 | M11: =SUBTOTAL(9,M3:M10) -> 1885381.3 | N11: =+M11/J11-1 -> 0.55372095
B13: Expenses
B14: Utilities
A15: 500 | B15: Electricity | C15: 20205 | D15: 19000 | E15: 19080 | F15: 19000 | G15: 18000 | H15: 18000 | I15: 18500 | J15: 19000 | K15: 17866 | L15: =+K15/9*12 -> 23821.333 | M15: 24000 | N15: =+M15/J15-1 -> 0.26315789
A16: 504 | B16: Water/Sewer | C16: 43327 | D16: 44000 | E16: 44000 | F16: 43000 | G16: 40000 | H16: 42000 | I16: 43000 | J16: 45000 | K16: 51372 | L16: =+K16/9*12 -> 68496 | M16: 69000 | N16: =+M16/J16-1 -> 0.53333333 | O16: x
A17: 508 | B17: Refuse Removal/Recycling | C17: 12330 | D17: 12500 | E17: 12500 | F17: 12500 | G17: 13500 | H17: 13000 | I17: 14500 | J17: 14500 | K17: 11364 | L17: =+K17/9*12 -> 15152 | M17: 15000 | N17: =+M17/J17-1 -> 0.034482759
A18: 510 | B18: Telephone & Cable | C18: 5273 | D18: 7900 | E18: 7900 | F18: 8200 | G18: 10000 | H18: 10000 | I18: 10500 | J18: 10500 | K18: 7498 | L18: =+K18/9*12 -> 9997.3333 | M18: 10000 | N18: =+M18/J18-1 -> -0.047619048
A19: 511 | B19: Cell Phone | C19: 1000 | D19: 1000 | E19: 1000 | F19: 1000 | G19: 1000 | H19: 1000 | I19: 1000 | J19: 1000 | K19: 411 | L19: =+K19/9*12 -> 548 | M19: 1000 | N19: =+M19/J19-1 -> 0
B20: Total Utilities | C20: =+SUBTOTAL(9,C15:C19) -> 82135 | D20: 84800 | E20: =SUBTOTAL(9,E13:E19) -> 84480 | F20: =SUBTOTAL(9,F13:F19) -> 83700 | G20: =SUBTOTAL(9,G13:G19) -> 82500 | H20: =SUBTOTAL(9,H13:H19) -> 84000 | I20: =SUBTOTAL(9,I13:I19) -> 87500 | J20: =SUBTOTAL(9,J13:J19) -> 90000 | K20: =SUBTOTAL(9,K13:K19) -> 88511 | L20: =SUBTOTAL(9,L13:L19) -> 118014.67 | M20: =SUBTOTAL(9,M13:M19) -> 119000 | N20: =+M20/J20-1 -> 0.32222222
B22: Building
A23: 600 | B23: Building Maintenance | C23: 61893 | D23: 55000 | E23: 59000 | F23: 59000 | G23: 55000 | H23: 60000 | I23: 85000 | J23: 70000 | K23: 45708 | L23: =+K23/9*12 -> 60944 | M23: =+L23 -> 60944 | N23: =+M23/J23-1 -> -0.12937143
A24: 601-1 | B24: Roof Repairs | C24: 5150 | D24: 6000 | E24: 6000 | F24: 10000 | G24: 10000 | H24: 5000 | I24: 10000 | J24: 10000 | K24: 4000 | L24: 10862 | M24: =+L24 -> 10862 | N24: =+M24/J24-1 -> 0.0862
A25: 608 | B25: Exercise Room | C25: 206 | D25: 600 | E25: 600 | F25: 500 | G25: 500 | H25: 500 | I25: 500 | J25: 500 | K25: 0 | L25: 500 | M25: =+L25 -> 500 | N25: =+M25/J25-1 -> 0
A26: 611 | B26: Janitorial/Building Supplies | C26: 3088 | D26: 3000 | E26: 5000 | F26: 5000 | G26: 5000 | H26: 5000 | I26: 5000 | J26: 4000 | K26: 0 | L26: 4000 | M26: =+L26 -> 4000 | N26: =+M26/J26-1 -> 0 | O26: x
A27: 640 | B27: Elevator | C27: 38184 | D27: 42000 | E27: 45000 | F27: 42000 | G27: 46000 | H27: 47000 | I27: 17000 | J27: 17000 | K27: 12224 | L27: =+K27/9*12 -> 16298.667 | M27: =+L27 -> 16298.667 | N27: =+M27/J27-1 -> -0.041254902
A28: 650 | B28: Emergency Systems | C28: 6445 | D28: 7900 | E28: 7900 | F28: 5000 | G28: 8200 | H28: 8500 | I28: 10000 | J28: 10000 | K28: 15759 | L28: 15759 | M28: 16000 | N28: =+M28/J28-1 -> 0.6 | O28: x | P28: JHG - see note
A29: 660 | B29: Pool Maintenance | C29: 8080 | D29: 10500 | E29: 8500 | F29: 6000 | G29: 6500 | H29: 7200 | I29: 7500 | J29: 6500 | K29: 14182 | L29: =+K29/9*12 -> 18909.333 | M29: =+L29-7700 -> 11209.333 | N29: =+M29/J29-1 -> 0.72451282 | O29: x
A30: 662-1 | B30: Pool heat | C30: 6800 | D30: 6800 | E30: 4800 | F30: 3500 | G30: 3500 | H30: 3500 | I30: 3500 | J30: 4000 | K30: 2746 | L30: =+K30/9*12 -> 3661.3333 | M30: =+L30 -> 3661.3333 | N30: =+M30/J30-1 -> -0.084666667
A31: 720 | B31: Fountain Maintenance | C31: 0 | D31: 0 | E31: 0 | F31: 0 | G31: 1000 | H31: 1000 | I31: 1000 | J31: 1500 | K31: 0 | L31: 1553 | M31: =+L31 -> 1553 | N31: =+M31/J31-1 -> 0.035333333
B32: Total | C32: =SUM(C23:C30) -> 129846 | D32: =+SUBTOTAL(9,D23:D30) -> 131800 | E32: =SUBTOTAL(9,E23:E30) -> 136800 | F32: =SUBTOTAL(9,F23:F30) -> 131000 | G32: =SUBTOTAL(9,G23:G30) -> 134700 | H32: =SUBTOTAL(9,H23:H30) -> 136700 | I32: =SUBTOTAL(9,I23:I30) -> 138500 | J32: =SUBTOTAL(9,J23:J31) -> 123500 | K32: =SUBTOTAL(9,K23:K31) -> 94619 | L32: =SUBTOTAL(9,L23:L30) -> 130934.33 | M32: =SUBTOTAL(9,M23:M31) -> 125028.33 | N32: =+M32/J32-1 -> 0.012375169
B34: Grounds
A35: 700 | B35: Landscape Contract | C35: 39600 | D35: 39600 | E35: 42600 | F35: 40000 | G35: 40000 | H35: 35000 | I35: 38000 | J35: 40000 | K35: 29754 | L35: =+K35/9*12 -> 39672 | M35: 44000 | N35: =+M35/J35-1 -> 0.1
A36: 702 | B36: Fertilization/Exterminator | C36: 5781 | D36: 8900 | E36: 8900 | F36: 10000 | G36: 12000 | H36: 11000 | I36: 12000 | J36: 12000 | K36: 6551 | L36: 12120 | M36: =+L36 -> 12120 | N36: =+M36/J36-1 -> 0.01
A37: 703 | B37: Plant Replacement | C37: 17575 | D37: 18250 | E37: 20250 | F37: 20000 | G37: 23000 | H37: 20000 | I37: 20000 | J37: 20000 | K37: 9312 | L37: =+K37/9*12 -> 12416 | M37: 15000 | N37: =+M37/J37-1 -> -0.25
A38: 706 | B38: Mulch | C38: 6351 | D38: 8950 | E38: 8950 | F38: 7000 | G38: 9000 | H38: 9000 | I38: 9500 | J38: 9500 | K38: 1275 | L38: =+K38/9*12 -> 1700 | M38: 9500 | N38: =+M38/J38-1 -> 0 | O38: x
A39: 708 | B39: Sprinkler System | C39: 4118 | D39: 5200 | E39: 10463 | F39: 3000 | G39: 4000 | H39: 5000 | I39: 2000 | J39: 5000 | K39: 23382 | L39: =+K39/9*12 -> 31176 | M39: 7500 | N39: =+M39/J39-1 -> 0.5 | O39: x | P39: JHG - OK
A40: 710 | B40: Tree Trimming | C40: 12119 | D40: 10300 | E40: 10300 | F40: 15000 | G40: 15000 | H40: 15000 | I40: 15000 | J40: 15000 | K40: 15296 | L40: 19000 | M40: =+L40 -> 19000 | N40: =+M40/J40-1 -> 0.26666667
A41: 719 | B41: Lake Maintenance | C41: 2329 | D41: 2400 | E41: 2400 | F41: 1500 | G41: 1500 | H41: 2500 | I41: 2000 | J41: 2000 | K41: 1625 | L41: =+K41/9*12 -> 2166.6667 | M41: 2200 | N41: =+M41/J41-1 -> 0.1
A42: 724 | B42: Hurricane Expense | I42: 0 | J42: 0 | K42: 305856 | L42: =+K42/9*12 -> 407808 | M42: 0
A43: 734 | B43: Holiday Décor | C43: 10325 | D43: 10325 | E43: 10345 | F43: 6000 | G43: 6000 | H43: 6000 | I43: 6000 | J43: 6000 | K43: 8000 | L43: 8000 | M43: =+L43 -> 8000 | N43: =+M43/J43-1 -> 0.33333333
A44: 737 | B44: Flood Remediation | K44: 694550
B45: Total | C45: =SUM(C35:C43) -> 98198 | D45: =+SUBTOTAL(9,D35:D43) -> 103925 | E45: =+SUBTOTAL(9,E35:E43) -> 114208 | F45: =+SUBTOTAL(9,F35:F43) -> 102500 | G45: =+SUBTOTAL(9,G35:G43) -> 110500 | H45: =+SUBTOTAL(9,H35:H43) -> 103500 | I45: =+SUBTOTAL(9,I35:I43) -> 104500 | J45: =+SUBTOTAL(9,J35:J44) -> 109500 | K45: =+SUBTOTAL(9,K35:K44) -> 1095601 | L45: =+SUBTOTAL(9,L35:L44) -> 534058.67 | M45: =+SUBTOTAL(9,M35:M44) -> 117320 | N45: =+M45/J45-1 -> 0.071415525
B47: Administration
A48: 800 | B48: Management Fee | C48: 21858 | D48: 22300 | E48: 22300 | F48: 23000 | G48: 23000 | H48: 23000 | I48: 23000 | J48: 24000 | K48: 18492 | L48: =+K48/9*12 -> 24656 | M48: 25000 | N48: =+M48/J48-1 -> 0.041666667
A49: 801-2 | B49: Personnel on Site | C49: 112375 | D49: 127000 | E49: 134620 | F49: 137000 | G49: 148500 | H49: =+G49+(G49*0.02) -> 151470 | I49: 160000 | J49: 168000 | K49: 136612 | L49: =+K49/9*12 -> 182149.33 | M49: =182400+32000 -> 214400 | N49: =+M49/J49-1 -> 0.27619048 | O49: x | P49: JHG - see note
A50: 805 | B50: Office Expenses | C50: 5782 | D50: 5900 | E50: 5900 | F50: 5900 | G50: 6500 | H50: 6500 | I50: 6500 | J50: 7000 | K50: 4659 | L50: =+K50/9*12 -> 6212 | M50: 7000 | N50: =+M50/J50-1 -> 0
A51: 810 | B51: Admin-Applications | C51: 1415 | D51: 1415 | E51: 1400 | F51: 1000 | G51: 1000 | H51: 1000 | I51: 1000 | J51: 1500 | K51: 1525 | L51: =+K51/9*12 -> 2033.3333 | M51: 2000 | N51: =+M51/J51-1 -> 0.33333333
A52: 811 | B52: Social Activities | C52: 170 | D52: 800 | E52: 800 | F52: 500 | G52: 850 | H52: 850 | I52: 850 | J52: 850 | K52: 0 | L52: 280 | M52: 500 | N52: =+M52/J52-1 -> -0.41176471
A53: 812 | B53: Legal | C53: 1545 | D53: 1600 | E53: 1600 | F53: 1000 | G53: 1000 | H53: 2000 | I53: 2000 | J53: 4000 | K53: 5478 | L53: =+K53/9*12 -> 7304 | M53: 7000 | N53: =+M53/J53-1 -> 0.75
A54: 813 | B54: Accounting | C54: 5613 | D54: 5800 | E54: 5800 | F54: 5800 | G54: 5800 | H54: 6000 | I54: 9000 | J54: 7000 | K54: 7009 | L54: 7009 | M54: 7000 | N54: =+M54/J54-1 -> 0
A55: 814 | B55: Consulting Fees | C55: 2575 | D55: 2900 | E55: 818 | F55: 1000 | G55: 1200 | H55: 1000 | I55: 1000 | J55: 2000 | K55: 11307 | L55: =+K55/9*12 -> 15076 | M55: 4000 | N55: =+M55/J55-1 -> 1 | O55: x | P55: JHG - see note
A56: 820 | B56: Fees to Division | C56: 622 | D56: 625 | E56: 100 | F56: 600 | G56: 600 | H56: 600 | I56: 600 | J56: 600 | K56: 1101 | L56: 600 | M56: =+L56 -> 600 | N56: =+M56/J56-1 -> 0
A57: 825 | B57: Licenses | C57: 797 | D57: 800 | E57: 100 | F57: 750 | G57: 750 | H57: 750 | I57: 750 | J57: 750 | K57: 775 | L57: 775 | M57: =+L57 -> 775 | N57: =+M57/J57-1 -> 0.033333333 | O57: x
A58: 835 | B58: Insurance | C58: 178843 | D58: 178850 | E58: 181000 | F58: 180000 | G58: 195000 | H58: 252000 | I58: 302400 | J58: 347760 | K58: 381584 | L58: =+K58/9*12 -> 508778.67 | M58: 615237 | N58: =+M58/J58-1 -> 0.76914251 | O58: x | P58: JHG - see note
B59: Total | C59: =SUM(C48:C58) -> 331595 | D59: =+SUBTOTAL(9,D48:D58) -> 347990 | E59: =+SUBTOTAL(9,E48:E58) -> 354438 | F59: =+SUBTOTAL(9,F48:F58) -> 356550 | G59: =+SUBTOTAL(9,G48:G58) -> 384200 | H59: =+SUBTOTAL(9,H48:H58) -> 445170 | I59: =+SUBTOTAL(9,I48:I58) -> 507100 | J59: =+SUBTOTAL(9,J48:J58) -> 563460 | K59: =+SUBTOTAL(9,K48:K58) -> 568542 | ... M59: =+SUBTOTAL(9,M48:M58) -> 883512 | N59: =+M59/J59-1 -> 0.56801193
B62: TOTAL OPERATING EXPENSE | C62: =SUM(C59+C45+C32+C20) -> 641774 | D62: =SUM(D59+D45+D32+D20) -> 668515 | E62: =SUBTOTAL(9,E15:E61) -> 689926 | F62: =SUBTOTAL(9,F15:F61) -> 673750 | G62: =SUBTOTAL(9,G15:G61) -> 712900 | H62: =SUBTOTAL(9,H15:H61) -> 770370 | I62: =SUBTOTAL(9,I15:I61) -> 838600 | J62: =SUBTOTAL(9,J15:J61) -> 886460 | L62: =SUBTOTAL(9,L15:L61) -> 1539434 | M62: =SUBTOTAL(9,M15:M61) -> 1244860.3 | N62: =+M62/J62-1 -> 0.40430514
A64: 905 | B64: RESERVES | C64: 229472 | D64: 235587 | E64: 244506 | F64: 245000 | G64: =257800+11000+2300+2500 -> 273600 | H64: 309000 | I64: =+I4 -> 317478 | J64: 327002 | L64: =+L4 -> 327002 | M64: 640521 | N64: =+M64/J64-1 -> 0.95876784 | O64: x | P64: JHG - see note
B66: TOTAL COMMON EXPENSE | C66: =SUM(C62:C64) -> 871246 | D66: =SUM(D62:D64) -> 904102 | E66: =SUM(E62:E64) -> 934432 | F66: =SUM(F62:F64) -> 918750 | G66: =SUM(G62:G64) -> 986500 | H66: =SUM(H62:H64) -> 1079370 | I66: =SUM(I62:I64) -> 1156078 | J66: =SUM(J62:J64) -> 1213462 | L66: =SUM(L62:L64) -> 1866436 | M66: =SUM(M62:M64) -> 1885381.3 | N66: =+M66/I66-1 -> 0.63084267 | Q66: insurance &
P67: $$ change | Q67: reserve
B68: Annual Assessment (A,B,G) | C68: 7286 | D68: 6751 | E68: 7021 | F68: =+F69*4 -> 6936 | G68: 7428 | H68: 8140 | I68: 8716 | J68: 9152 | M68: =+M69*4 -> 14276 | P68: =SUM(M68,-J68) -> 5124 | Q68: 4435 | R68: =SUM(P68,-Q68) -> 689
B69: Quarterly Assessment (A,B,G) | C69: 1822 | D69: =+D68/4 -> 1687.75 | E69: 1755 | F69: 1734 | G69: 1857 | H69: 2035 | I69: 2179 | J69: 2288 | M69: =+'Fee Calc'!B6 -> 3569 | N69: =+M69/I69-1 -> 0.6379073
B71: Annual Assessment (C,D,E,F,H) | C71: 7468 | D71: 6939 | E71: 7213 | F71: =+F72*4 -> 7056 | G71: 7556 | H71: 8264 | I71: 8852 | J71: 9292 | M71: =+M72*4 -> 14420 | P71: =SUM(M71,-J71) -> 5128 | Q71: 4435 | R71: =SUM(P71,-Q71) -> 693
B72: Quarterly Assessment.C,D,E,F,H | C72: 1867 | D72: =+D71/4 -> 1734.75 | E72: 1803 | F72: 1764 | G72: 1889 | H72: 2066 | I72: 2213 | J72: 2323 | M72: =+'Fee Calc'!B7 -> 3605 | N72: =+M72/I72-1 -> 0.62901039

Sheet NOTES
A2: Account | C2: Notes
A5: 504 | B5: Water/Sewer | C5: big rate increase in July 2023 plus excess ussage from irrigation projects. | D5: OK JG
A6: 611 | B6: =+'Operating Budget'!B26 -> Janitorial/Building Supplies | C6: recode janitorial supply expenses that were charged to #600 | D6: OK JG
A7: 650 | B7: =+'Operating Budget'!B28 -> Emergency Systems | C7: $43,375 credit from Nichols Contracting for 2022 expense. Acutal 2023 exp $25470 | D7: see note below
A8: 660 | B8: Pool Maintenance | C8: $7726 repairs per health dept. Reserves? | D8: OK JG
A9: 706 | B9: =+'Operating Budget'!B38 -> Mulch | C9: mulch was charged to Reserves $3,312.45 | D9: OK JG
A10: 708 | B10: =+'Operating Budget'!B39 -> Sprinkler System | C10: no idea how much longer massive sprinkler repairs will continue. From Reserves? | D10: OK JG
A11: 801-2 | B11: =+'Operating Budget'!B49 -> Personnel on Site | C11: additional summer help permanent? | D11: see note below
A12: 814 | B12: =+'Operating Budget'!B55 -> Consulting Fees | C12: structural column consulting is in Reserves. Drainage is not | D12: see note below
A13: 835 | B13: Insurance | C13: probably will be more. | D13: see note below
A14: 905 | B14: =+'Operating Budget'!B64 -> RESERVES | C14: Reserve contribution increased 55% for same year from 2022 RS to 2023 RS | D14: see note below
A27: 801-2 Onsite Personnel
A28: Rich $7500 per month
A29: Yosvany $6200 per month
A30: Erisney $1500 per month
A31: Total $15200 per month (Annual $182400)
A34: JOHN GREEN Notes:
A35: INSURNACE - current monthly expense is $44,582.43 or $534,989 annual. A 15% increase makes annual $615,237
A36: RESERVES - our most recent reserve study page 28 under Misc Site Improvements - Misc Items has a $12K allowance
A37: for "stormwater drainage system allowance". The propsed project around building C is approx $235K including related sprinkler
A38: system repairs. The project is under funded by $220K. The current reserve study calls for $520,521 for fiscal year 24/25. I suggest
A39: we increase the funding by $30K/qtr ($120/year) for 2 years, bringing the 24/25 year to $640,521. I believe this preferable to an assessment.
A40: CONSULTING - Peninsula Engineering is the drainage consultant and those fees have been charged to reserve. The $12K charged YTD
... A67: 10% to 44K.

Sheet Fee Calc
A4: Annual Assessment for 26 A,B,G units | B4: =+B16 -> 14277.72
A5: Annual Assessment for 105 C,D,E,F,H units | B5: =+B18 -> 14420.577
A6: Quarterly Assessment for A,B,G units | B6: =ROUND(+B4/4,0) -> 3569 | C6: x4= | D6: =+B6*4 -> 14276 | E6: x26= | F6: =+D6*26 -> 371176
A7: Quarterly Assessment for C,D,E,F,H units | B7: =ROUND(+B5/4,0) -> 3605 | C7: x4= | D7: =+B7*4 -> 14420 | E7: x105= | F7: =+D7*105 -> 1514100
A8: Collected | F8: =SUM(F6:F7) -> 1885276
A10: Fee Adjustment for Trash Collection
A11: Buildings A,B,G pay for trash collection through tax bill (26 units)
A13: Total Annual Budget | B13: =+'Operating Budget'!M66 -> 1885381.3 | E13: Collected v. Budget | F13: =+B13-F8 -> 105.33333
A14: Trash collection budgeted by Association for buildings C,D,E,F,H | B14: =+'Operating Budget'!M17 -> 15000
A15: Total Annual Budget less Trash Collection | B15: =+B13-B14 -> 1870381.3
A16: everybody pays a share total / 131 (Annual for ABG) | B16: =+B15/131 -> 14277.72
A17: divide annual trash collection amongst CDEFH units (105 units) | B17: =+B14/105 -> 142.85714
A18: add trash collection for CDEFH fee (Annual for CDEFH) | B18: =+B16+B17 -> 14420.577
